 Dungeon Crawl Stone Soup version 0.19.0-19-g8c6edcc (webtiles) character file.

688 Rrauwl the Insei (level 7, -2/59 HPs)
             Began as a Black Draconian Monk on Nov 13, 2016.
             Was a Believer of Dithmenos.
             Slain by an orc warrior
             ... wielding a +0 scimitar
              (12 damage)
             ... on level 5 of the Dungeon.
             The game lasted 00:36:32 (4220 turns).

Rrauwl the Insei (Black Draconian Monk)             Turns: 4220, Time: 00:36:32

Health: -2/59      AC:  9    Str: 14    XL:     7   Next: 36%
Magic:  11/11      EV: 15    Int:  8    God:    Dithmenos [**....]
Gold:   232        SH:  0    Dex: 19    Spells: 0 memorised, 11 levels left

rFire  . . .     SeeInvis .       - Unarmed
rCold  . . .     Gourm    .     (armour unavailable)
rNeg   . . .     Faith    .     (no shield)
rPois  .         Spirit   .     (helmet restricted)
rElec  +         Reflect  .     (no cloak)
rCorr  .         Harm     .     f - +2 pair of gloves
MR     .....                    (no boots)
Stlth  +++.......               (no amulet)
                                o - +5 ring of dexterity
                                n - -3 ring of intelligence (curse)

@: wreathed by umbra
A: breathe lightning, unfitting armour, electricity resistance, cold-blooded, AC
+6
a: Breathe Lightning, Shadow Step, Renounce Religion


You were on level 5 of the Dungeon.
You worshipped Dithmenos.
Dithmenos was pleased with you.
You were not hungry.

You visited 1 branch of the dungeon, and saw 5 of its levels.

You collected 232 gold pieces.

Inventory:

Missiles
 b - 121 stones (quivered)
 e - 28 arrows
Armour
 f - a +2 pair of gloves (worn)
Jewellery
 n - a cursed -3 ring of intelligence (left hand)
 o - a +5 ring of dexterity (right hand)
Wands
 h - a wand of polymorph (0/24)
 q - a wand of slowing (29/48)
Scrolls
 k - 3 scrolls of magic mapping
 m - 4 scrolls of identify
Potions
 p - a potion of cure mutation
Comestibles
 a - 3 bread rations
 c - a chunk of flesh
 g - 2 fruits
 i - 3 meat rations


   Skills:
 * Level 4.1 Fighting
 + Level 3.9 Dodging
 * Level 3.2 Stealth
 + Level 5.8 Unarmed Combat
 * Level 2.9 Spellcasting
 * Level 1.8 Evocations


You had 11 spell levels left.
You didn't know any spells.

Dungeon Overview and Level Annotations

Branches:
Dungeon (5/15)
 Temple: D:4-7

Altars:
Dithmenos
Elyvilon
Qazlal
Ru
Sif Muna
Xom

Annotations:
D:5 AAAAA's ghost, weakling OpWr


Innate Abilities, Weirdness & Mutations

You can breathe wild blasts of lightning.
Your glossy black scales are hard. (AC +6)
You cannot fit into any form of body armour.
You are resistant to electric shocks. (rElec)
You are cold-blooded and may be slowed by cold attacks.


Message History

The orc wizard points at you and mumbles some strange words.
The puff of frost hits you! The orc warrior barely misses you.
The orc wizard hits you but does no damage.
You closely miss the orc wizard.
You tail-slap the orc wizard, but do no damage.
The orc wizard is heavily wounded.
The orc wizard casts a spell.
You hit the orc wizard.
The orc wizard is severely wounded.
The orc warrior hits you with a scimitar!
The orc wizard barely misses you.
You hit the orc wizard.
You kill the orc wizard!
Dithmenos accepts your kill.
Dithmenos appreciates your extinguishing a source of fire.
The orc warrior hits you with a scimitar!
* * * LOW HITPOINT WARNING * * *
The crimson imp blinks!
The orc warrior hits you with a scimitar!
You die...

#.# ............... #.#
.......#'#.#### #.#
............... #.#
...............
#####.########....#....
###............##..##....
#......)§#####.##''##.o##
#......o.# #.#8..##..#
#..5....@# #o##__##..#
#......).# #oo#⌠⌠#...#
##........# #.5####...#
#.........# #...##....#
#.........#####.........#
#.............#..)......#
#.##........###.#.#######.#
#.....<.....###.#.# .#
####........'...#.. .#


You could see an orc warrior and a crimson imp.

Vanquished Creatures
  Sigmund (D:2)
  The ghost of Lulzdzi the Cudgeler, an amateur OgCK of Xom (D:4)
  A phantom (D:4)
  An ogre (D:4)
  2 orc wizards (D:5)
  Ijyb (D:2)
  Terence (D:2)
  Robin (D:2)
  5 adders
  An adder skeleton (D:4)
  A worm (D:2)
  A dart slug (D:2)
  3 leopard geckos
  An orc (D:3)
  8 bats
  7 giant cockroaches
  12 hobgoblins
  4 jackals (D:3)
  9 kobolds
  2 quokkas
  2 ball pythons (D:2)
  4 frilled lizards
  13 goblins
  8 rats
90 creatures vanquished.

Notes
Turn   | Place    | Note
-------+----------+-------------------------------------------
     0 | D:1      | Rrauwl the Draconian Monk began the quest for the Orb.
     0 | D:1      | Reached XP level 1. HP: 19/19 MP: 1/1
    89 | D:1      | Found a shimmering altar of Xom.
   171 | D:1      | Reached XP level 2. HP: 18/26 MP: 2/2
   782 | D:2      | Noticed Terence
   814 | D:2      | Killed Terence
   814 | D:2      | Reached XP level 3. HP: 31/31 MP: 2/4
   859 | D:2      | Noticed Robin
   872 | D:2      | Reached skill level 1 in Spellcasting
   925 | D:2      | Killed Robin
   925 | D:2      | Reached XP level 4. HP: 6/38 MP: 4/6
  1234 | D:2      | You fall through a shaft for 2 floors!
  1319 | D:2      | Noticed Sigmund
  1382 | D:2      | Killed Sigmund
  1382 | D:2      | Reached skill level 4 in Unarmed Combat
  1382 | D:2      | Reached XP level 5. HP: 9/46 MP: 6/8
  1469 | D:2      | Noticed Ijyb
  1492 | D:2      | Killed Ijyb
  1492 | D:2      | Reached XP level 6. HP: 17/52 MP: 9/9
  1529 | D:2      | Found a sacrificial altar of Ru.
  1639 | D:2      | Gained mutation: You passively map a small area around you. [potion of beneficial mutation]
  3057 | D:4      | Found a shadowy altar of Dithmenos.
  3076 | D:4      | Reached skill level 5 in Unarmed Combat
  3076 | D:4      | Reached skill level 1 in Evocations
  3080 | D:4      | Became a worshipper of Dithmenos the Shadowed
  3080 | D:4      | Reached * piety under Dithmenos
  3080 | D:4      | Reached ** piety under Dithmenos
  3314 | D:4      | Noticed Lulzdzi's ghost (amateur OgCK)
  3334 | D:4      | Lost mutation: You passively map a small area around you. [potion of cure mutation]
  3362 | D:4      | Your scales start taking on a glossy black colour.
  3362 | D:4      | Reached XP level 7. HP: 52/59 MP: 9/11
  3362 | D:4      | Gained mutation: You are resistant to electric shocks. (rElec) [Black Draconian growth]
  3368 | D:4      | Found a stormy altar of Qazlal.
  3916 | D:4      | Killed Lulzdzi's ghost
  4096 | D:5      | Entered Level 5 of the Dungeon
  4156 | D:5      | Found a white marble altar of Elyvilon.
  4157 | D:5      | Found a deep blue altar of Sif Muna.
  4171 | D:5      | Noticed AAAAA's ghost (weakling OpWr)
  4220 | D:5      | Slain by an orc warrior

Skill      XL: |  1  2  3  4  5  6 |
---------------+-------------------+-----
Dodging        | 3 |  3.9
Spellcasting   | 1 2 |  2.9
Stealth        | 2 3 |  3.2
Unarmed Combat | 4 5 |  5.8
Evocations     | 1 |  1.8
Fighting       | 4 |  4.1

Action                   |  1- 3 |  4- 6 |  7- 9 || total
-------------------------+-------+-------+-------++-------
Melee: Unarmed           |   128 |   225 |    52 ||   405
       Tailslap          |     6 |    20 |    12 ||    38
       Punch             |     2 |     1 |     3 ||     6
 Abil: Breathe Lightning |       |       |     2 ||     2
Evoke: Wand              |       |     2 |       ||     2
  Use: Potion            |     4 |     4 |     1 ||     9
       Scroll            |     3 |     6 |     2 ||    11
 Stab: Sleeping          |     3 |     5 |     1 ||     9
       Confused          |       |     1 |       ||     1
  Eat: Chunk             |       |     7 |     1 ||     8
       Pizza             |       |     1 |       ||     1
       Beef jerky        |       |       |     1 ||     1
Armor: Skin              |    33 |    62 |     8 ||   103
Dodge: Dodged            |    64 |   140 |    33 ||   237
